 Dungeon Crawl Stone Soup version 0.26-a0-61-g6c07f0e (webtiles) character file.

Game seed: 3593660080799023327

1627 BlueFish the Ruffian (level 8, -3/54 HPs)
             Began as an Octopode Warper on June 9, 2020.
             Was an Initiate of Cheibriados.
             Slain by a hog (5 damage)
             ... on level 6 of the Dungeon.
             The game lasted 00:16:57 (7369 turns).

BlueFish the Ruffian (Octopode Warper)              Turns: 7369, Time: 00:16:58

Health: -3/54      AC:  1    Str: 14    XL:     8   Next: 97%
Magic:  0/12       EV: 15    Int: 16    God:    Cheibriados [......]
Gold:   286        SH:  0    Dex: 12    Spells: 3/13 levels left

rFire    . . .     SeeInvis .     - Unarmed
rCold    . . .     Gourm    .   (no shield)
rNeg     . . .     Faith    .   (helmet restricted)
rPois    +         Spirit   +   f - amulet of guardian spirit
rElec    .         Reflect  .   h - ring of protection from magic
rCorr    .         Harm     .   j - ring of poison resistance
MR       +....                  (no ring)
Stlth    ++++......             (no ring)
HPRegen  0.18/turn              (no ring)
MPRegen  0.13/turn              (no ring)
                                (no ring)
                                (no ring)

@: about to teleport, slow
A: almost no armour, stealthy swim, amphibious, 8 rings, constrict 8, camouflage
1, gelatinous body 1
a: Bend Time, Renounce Religion


You were on level 6 of the Dungeon.
You worshipped Cheibriados.
Cheibriados was noncommittal.
You were very hungry.

You visited 2 branches of the dungeon, and saw 8 of its levels.

You collected 286 gold pieces.

Inventory:

Missiles
 c - 5 boomerangs of dispersal (quivered)
 g - 82 stones
 i - 5 boomerangs
 m - 25 poisoned darts
 o - 63 arrows
Jewellery
 f - an amulet of guardian spirit (around mantle)
 h - a ring of protection from magic (left tentacle)
 j - a ring of poison resistance (right tentacle)
Wands
 l - a wand of random effects (16)
 v - a wand of acid (9)
Scrolls
 a - a scroll of enchant weapon
 k - 2 scrolls of magic mapping
 n - 3 scrolls of remove curse
 u - a scroll of fog
 x - a scroll of teleportation
Potions
 b - a potion of heal wounds
 e - a potion of mutation
 p - 3 potions of magic
 q - 3 potions of curing
 r - 2 potions of ambrosia
 A - a potion of might {unknown}
Comestibles
 d - 11 rations


   Skills:
 * Level 4.2 Fighting
 * Level 3.8 Throwing
 * Level 4.6 Dodging
 * Level 5.5 Stealth
 * Level 6.4 Unarmed Combat
 + Level 3.1 Spellcasting
 + Level 1.9 Charms
 * Level 3.9 Translocations
 * Level 0.4 Invocations


You had 3 spell levels left.
You knew the following spells:

 Your Spells              Type           Power        Failure   Level  Hunger
a - Shroud of Golubria    Chrm/Tloc      ##....       9%          2    ##.....
b - Blink                 Tloc           N/A          5%          2    ##.....
c - Lesser Beckoning      Tloc           ###.......   11%         3    ###....
d - Teleport Other        Tloc           ###.....     11%         3    ###....

Your spell library contained the following spells:

 Spells                   Type           Power        Failure   Level  Hunger
 Apportation              Tloc           ###...       3%          1    None
 Gell's Gravitas          Tloc           ###.......   11%         3    ###....
 Animate Skeleton         Necr           N/A          19%         1    None
 Corona                   Hex            #......      19%         1    None
 Shock                    Conj/Air       #...         19%         1    None
 Summon Small Mammal      Summ           #...         19%         1    None
 Swiftness                Chrm/Air       #.......     19%         2    ##.....
 Static Discharge         Conj/Air       #.......     50%         3    ###....
 Passage of Golubria      Tloc           N/A          36%         4    ####...
 Airstrike                Air            #.........   88%         4    ####...
 Lightning Bolt           Conj/Air       #.........   99%         5    ######.


Dungeon Overview and Level Annotations

Branches:
Dungeon (7/15)             Temple (1/1) D:6

Altars:
Cheibriados
Dithmenos
Elyvilon
Fedhas
Gozag
Hepliaklqana
Kikubaaqudgha
Nemelex Xobeh
Qazlal
Ru
Sif Muna
Trog
Uskayaw
Vehumet
Wu Jian
The Shining One
Beogh

Shops:
D:5 *

Annotations:
D:5 3 runed translucent doors, NeonNoodle's ghost, novice DsFi
D:7 Harold


Innate Abilities, Weirdness & Mutations

You cannot wear most types of armour.
You are very stealthy in the water. (Stealth+)
You are amphibious.
You can wear up to eight rings at the same time.
You can use your tentacles to constrict eight enemies at once.
Your skin changes colour to match your surroundings (Stealth+).
Your rubbery body absorbs attacks. (AC +1, EV +1)


Message History

Your shroud bends the hog's attack away.
The hog misses you.
You tentacle-slap the hog but do no damage.
Your grab misses the hog.
Your shroud bends the hog's attack away!
The hog closely misses you.
You barely miss the hog. Your grab misses the hog. The hog closely misses you.
The hog barely misses you.
You tentacle-slap the hog. You grab the hog.
You squeeze the hog, but do no damage.
The hog is lightly wounded.
You constrict the hog. The hog bites you! x2
Your shroud falls apart!
The hog bites you!
* * * LOW HITPOINT WARNING * * *
As you read the scroll of teleportation, it crumbles to dust.
You feel strangely unstable.
You constrict the hog. The hog bites you.
* * * LOW HITPOINT WARNING * * *
The hog bites you.
You die...

#.#.......# #.# #.##.##.##
#.######### #.# #.##.##.## ##.#
##'## #.......## #..######
##...## ####.##### #.......#
##.....## ####.#
#.##.##.###.......## ##.##.#
#.#...#.##.........####...#.#####
#........'.......h.'.............
#<....#.##......@..####...#.#####
#.##..#.###......h## ##.##.# #
#.###.#.# ##.....## ##...# #
#.......# ##...## #.### #
#####.### ##'## #.####### #.# #.#
#.##..... #.# #.# #.##.##≈≈
#####.##### ##.## #.##.##≈≈
#.>.......###...## #.##.≈≈..


You could see 2 hogs.

Vanquished Creatures
  Maggie (D:6)
  A hog (D:7)
  Menkaure (D:4)
  A sky beast (D:6)
  A black bear (D:6)
  An ogre (D:2)
  A centaur (D:5)
  A bullfrog (D:6)
  A howler monkey (D:6)
  An orc priest (D:3)
  A hound (D:5)
  A jelly (D:6)
  4 orc wizards
  Crazy Yiuf (D:6)
  2 bullfrog skeletons
  2 iguanas
  2 worker ants
  6 gnolls (D:4)
  6 adders
  2 shadow imps
  2 oozes
  An adder skeleton (D:5)
  6 worms
  3 dart slugs
  3 leopard geckos
  15 orcs
  2 ball pythons (D:2)
  5 giant cockroaches
  5 goblins
  3 hobgoblins
  9 jackals
  3 quokkas
  5 bats
  3 frilled lizards
  8 kobolds
  4 rats
114 creatures vanquished.

Notes
Turn   | Place    | Note
-------+----------+-------------------------------------------
     0 | D:1      | BlueFish the Octopode Warper began the quest for the Orb.
     0 | D:1      | Reached XP level 1. HP: 14/14 MP: 3/3
   300 | D:1      | Reached XP level 2. HP: 19/19 MP: 5/5
   304 | D:1      | Learned a level 2 spell: Shroud of Golubria
   307 | D:1      | Learned a level 2 spell: Blink
   959 | D:2      | Noticed an ogre
   982 | D:2      | Killed an ogre
   982 | D:2      | Reached skill level 1 in Stealth
   982 | D:2      | Reached skill level 3 in Unarmed Combat
   982 | D:2      | Reached XP level 3. HP: 2/25 MP: 0/6
   982 | D:2      | Reached XP level 4. HP: 3/30 MP: 0/7
  1253 | D:2      | Found a stormy altar of Qazlal.
  1253 | D:2      | Found a hazy altar of Hepliaklqana.
  1253 | D:2      | Found an ornate altar of the Wu Jian Council.
  1474 | D:2      | Reached XP level 5. HP: 35/35 MP: 5/8
  1479 | D:2      | Learned a level 3 spell: Lesser Beckoning
  2674 | D:3      | Reached XP level 6. HP: 41/41 MP: 6/9
  3119 | D:4      | Reached skill level 4 in Unarmed Combat
  3238 | D:4      | Noticed Menkaure
  3247 | D:4      | HP: 2/41 [Menkaure/nerve-wracking pain (6)]
  3248 | D:4      | Killed Menkaure
  3248 | D:4      | Reached skill level 1 in Charms
  3248 | D:4      | Reached XP level 7. HP: 2/46 MP: 0/10
  4105 | D:5      | Entered Level 5 of the Dungeon
  4105 | D:5      | Found Xioskym's General Store.
  4583 | D:5      | Learned a level 3 spell: Teleport Other
  5162 | D:5      | Reached skill level 5 in Unarmed Combat
  5697 | D:5      | Found a runed translucent gate.
  5699 | D:5      | Found a runed translucent gate.
  5699 | D:5      | Noticed NeonNoodle's ghost (novice DsFi)
  5700 | D:5      | Found a runed translucent gate.
  5700 | D:5      | Identified the +5 mace of the Little People {vorpal, rC+++
                  | Str-2 Int+7}
  5700 | D:5      | Identified the +4 ring mail of Ekuhaify {rPois MR+++ Str+2
                  | Stlth-}
  5701 | D:5      | Found a roughly hewn altar of Beogh.
  5996 | D:6      | Found a glowing golden altar of the Shining One.
  6050 | D:6      | Found a runed translucent door.
  6052 | D:6      | Noticed Crazy Yiuf
  6058 | D:6      | Killed Crazy Yiuf
  6125 | D:6      | Reached XP level 8. HP: 43/53 MP: 7/12
  6776 | D:6      | Noticed Maggie
  6819 | D:6      | Killed Maggie
  6819 | D:6      | Reached skill level 5 in Stealth
  6819 | D:6      | Reached skill level 6 in Unarmed Combat
  6995 | D:6      | Found a staircase to the Ecumenical Temple.
  7006 | Temple   | Entered the Ecumenical Temple
  7077 | Temple   | Became a worshipper of Cheibriados the Contemplative
  7297 | D:7      | Noticed Harold
  7351 | D:7      | Noticed a yak
  7369 | D:6      | HP: 2/54 [hog (4)]
  7369 | D:6      | Slain by a hog

Illustrated notes

Levels and vault maps discovered:
D:1:      grunt_arrival_crossed_arrows, layout_loops_corners
D:2:      layout_basic, chequers_temple_overflow_statue_of_worship,
          first_ration, minmay_heptomino_w4
D:3:      layout_rooms
D:4:      layout_basic, uniq_menkaure
D:5:      layout_layer_cave, biasface_ghost_orc_armoury, serial_shops,
          shop_fountains
D:6:      layout_loops_corners, tso_oasis_becter, cheibrodos_sewer_entry_sluice,
          uniq_maggie, uniq_crazy_yiuf_cottage
D:7:      layout_loops_cross, grunt_livestock, kennysheep_pointless_box,
          uniq_harold
Temple:   dpeg_five_rooms_temple

Skill      XL: |  1  2  3  4  5  6  7  8 |
---------------+-------------------------+-----
Dodging        | 3 4 |  4.6
Stealth        | 1 2 3 4 5 |  5.5
Unarmed Combat | 3 4 5 6 |  6.4
Throwing       | 2 3 |  3.8
Fighting       | 3 4 |  4.2
Charms         | 1 |  1.9
Spellcasting   | 3 |  3.1
Translocations | |  3.9
Invocations    | |  0.4

Action                   |  1- 3 |  4- 6 |  7- 9 || total
-------------------------+-------+-------+-------++-------
Melee: Unarmed           |    41 |   147 |   170 ||   358
       Constrict         |     8 |    32 |    39 ||    79
       Tentacles         |     6 |    26 |    36 ||    68
       Punch             |       |     3 |    10 ||    13
 Cast: Shroud of Golubri |     2 |    19 |    33 ||    54
       Blink             |       |       |     1 ||     1
  Use: Scroll            |     5 |     2 |     8 ||    15
       Potion            |       |     1 |       ||     1
 Stab: Sleeping          |     3 |     5 |     8 ||    16
  Eat: Chunk             |       |     8 |    15 ||    23
Armor: Skin              |     2 |    10 |     5 ||    17
Dodge: Dodged            |    24 |   135 |   106 ||   265

Table legend:
 A = Non-vault XP
 B = Vault XP
 C = Vault XP percentage of total XP
 D = Non-vault monster count
 E = Vault monster count
 F = Vault count percentage of total count
                 A         B        C        D         E       F
            +---------+---------+-------+---------+---------+-------
      Total |    1499 |     826 |  35.5 |      99 |      15 |  13.2
            +---------+---------+-------+---------+---------+-------
        D:1 |      25 |       0 |   0.0 |      12 |       0 |   0.0
        D:2 |     181 |      10 |   5.2 |      16 |       7 |  30.4
        D:3 |     170 |       0 |   0.0 |      26 |       0 |   0.0
        D:4 |     176 |     172 |  49.4 |      11 |       1 |   8.3
        D:5 |     371 |       0 |   0.0 |      23 |       0 |   0.0
        D:6 |     576 |     448 |  43.8 |      11 |       6 |  35.3
        D:7 |       0 |     196 | 100.0 |       0 |       1 | 100.0
            +---------+---------+-------+---------+---------+-------
